 Seeded DCSS version 0.28-a0-1347-g113dc556a4 (webtiles) character file.

Game seed: 3977678538937653055 (custom seed)

458 croobank the Covert (level 7, -13/59 HPs)
             Began as a Gnoll Delver on Dec 29, 2021.
             Mangled by an ogre (25 damage)
             ... on level 4 of the Dungeon.
             The game lasted 00:26:05 (3066 turns).

croobank the Covert (Gnoll Delver)                  Turns: 3066, Time: 00:26:06

Health: -13/59     AC: 10    Str: 18    XL:     7   Next: 6%
Magic:  10/10      EV: 12    Int: 11    God:
Gold:   176        SH:  0    Dex: 13    Spells: 10/10 levels left

rFire   . . .      SeeInvis .   a - +0 hand axe
rCold   . . .      Faith    .   (no shield)
rNeg    . . .      Spirit   .   f - +4 ring mail "Nirche" {Regen+}
rPois   .          Reflect  .   (no helmet)
rElec   .          Harm     .   l - +0 cloak
rCorr   .          Rampage  .   (no gloves)
Will    .....                   (no boots)
Stlth   ++++......              (no amulet)
HPRegen 0.99/turn               v - ring of flight
MPRegen 0.12/turn               w - +6 ring of strength

@: on berserk cooldown, flying, slowed, very slow
A: fangs 1, strong nose, distributed training
a: no special abilities


You were on level 4 of the Dungeon.
You visited 1 branch of the dungeon, and saw 5 of its levels.

You collected 176 gold pieces.

Inventory:

Hand Weapons
 a - a +0 hand axe (weapon)
 j - a +2 dagger of speed
 s - a +0 dagger
Missiles
 r - 46 stones (quivered)
 t - 26 bolts
Armour
 b - a +0 leather armour
 f - the +4 ring mail "Nirche" (worn) {Regen+}
   (You found it on level 4 of the Dungeon)

   Regen:     It increases your rate of health regeneration.
 l - a +0 cloak (worn)
Jewellery
 v - a ring of flight (left hand)
 w - a +6 ring of strength (right hand)
Wands
 g - a wand of digging (2)
Scrolls
 c - 2 scrolls of fog
 e - a scroll of fear
 n - 2 scrolls of acquirement {acquirement, unknown}
 o - a scroll of blinking {blinking, unknown}
 p - a scroll of holy word {unknown}
 q - 4 scrolls of noise {noise, unknown}
 u - a scroll of enchant armour
Potions
 d - a potion of magic
 i - a potion of invisibility {invisibility, unknown}
 k - 3 potions of mutation {mutation, unknown}
 m - 2 potions of haste


   Skills:
 + Level 6.9 Fighting
 + Level 2.2 Short Blades
 + Level 2.2 Long Blades
 + Level 5.1 Axes
 + Level 2.2 Maces & Flails
 + Level 2.2 Polearms
 + Level 2.2 Staves
 + Level 2.2 Slings
 + Level 2.2 Bows
 + Level 2.2 Crossbows
 + Level 2.2 Throwing
 + Level 2.2 Armour
 + Level 5.1 Dodging
 + Level 9.8 Stealth
 + Level 2.2 Shields
 + Level 2.2 Unarmed Combat
 + Level 2.2 Spellcasting
 + Level 1.8 Conjurations
 + Level 1.8 Hexes
 + Level 1.8 Summonings
 + Level 1.8 Necromancy
 + Level 1.8 Translocations
 + Level 1.8 Transmutations
 + Level 1.8 Fire Magic
 + Level 1.8 Ice Magic
 + Level 1.8 Air Magic
 + Level 1.8 Earth Magic
 + Level 1.8 Poison Magic
 + Level 2.5 Invocations
 + Level 2.2 Evocations


You had 10 spell levels left.
You didn't know any spells.
Your spell library was empty.

Dungeon Overview and Level Annotations

Branches:
Dungeon (5/15)             Temple (0/1) D:5

Altars:
Hepliaklqana
The Shining One


Innate Abilities, Weirdness & Mutations

You have very sharp teeth.
Your uncanny sense of smell can sniff out nearby items.
Your experience applies equally to all skills.


Message History

The quasit claws you but does no damage.
The quasit bites you but does no damage.
The quasit claws you but does no damage. x2
Eustachio gestures wildly while chanting.
The quasit barely misses you.
The quasit claws you but does no damage. x2
The quasit bites you. The quasit barely misses you. The quasit misses you.
Eustachio hits you with a +0 rapier.
Your ring mail "Nirche" prevents you from hitting Eustachio.
Eustachio is almost dead.
You barely miss the river rat. You hit the quasit. You barely miss the quasit.
You hit the ogre but do no damage. The quasit barely misses you. x2
The quasit claws you.
The quasit bites you but does no damage.
The quasit claws you but does no damage. x2
The ogre closely misses you.
The river rat bites you but does no damage.
Eustachio hits you with a +0 rapier.
The quasit bites you but does no damage.
The quasit misses you. The quasit claws you. The quasit bites you.
The quasit barely misses you.
The quasit claws you but does no damage.
The river rat completely misses you.
You hit Eustachio.
You kill Eustachio!
The quasit disappears in a puff of smoke! x2
The rat disappears in a puff of smoke!
The river rat disappears in a puff of smoke! x2
The rat disappears in a puff of smoke!
You barely miss the ogre. The ogre barely misses you.
The ogre hits you with a +0 giant club.
You feel your dexterity returning.
You have reached level 7!
You hit the ogre. You bite the ogre.
The ogre is moderately wounded.
The ogre hits you with a +0 giant club!!
Ouch! That really hurt!
* * * LOW HITPOINT WARNING * * *
The ogre misses you.
The ogre hits you with a +0 giant club!!
You die...

......## .......######
.... .......#...#.# ...#
..............##..##
..............#....#
...................#
#..................##
##...##...#.........#
###.## #..#....O@...#
.#...###.......$...#..##
.o....##......>##......#
...#.........#.........#
..##......)..##.##....##
..#.........ยง#..###...#
..#.............#.#...#
..#..#................#
.....#..........##.##.###


You could see an ogre.

Vanquished Creatures
  Eustachio (D:4)
  A black bear (D:3)
  2 orc priests (D:3)
  An orc wizard (D:3)
  3 adders
  3 worms
  2 dart slugs
  14 orcs
  6 ball pythons
  5 endoplasms
  4 giant cockroaches
  5 goblins
  3 hobgoblins
  4 jackals (D:1)
  2 quokkas
  5 bats (D:1)
  12 frilled lizards
  9 kobolds
  4 rats
86 creatures vanquished.

Vanquished Creatures (others)
  5 plants (D:3)
5 creatures vanquished.

Grand Total: 91 creatures vanquished

Notes
Turn   | Place    | Note
-------+----------+-------------------------------------------
     0 | D:5      | Reached skill level 9 in Stealth
     0 | D:5      | croobank the Gnoll Delver began the quest for the Orb.
     0 | D:5      | Reached XP level 1. HP: 23/23 MP: 1/1
     6 | D:5      | Found a staircase to the Ecumenical Temple.
    52 | D:4      | Noticed Eustachio
    80 | D:4      | Noticed an ogre
   100 | D:4      | Noticed an orc wizard
   105 | D:4      | Identified the +4 ring mail "Nirche" {Regen+}
   200 | D:1      | Reached XP level 2. HP: 27/29 MP: 2/2
   542 | D:1      | Reached XP level 3. HP: 35/35 MP: 3/3
   902 | D:1      | Reached skill level 1 in Invocations
  1151 | D:2      | Upgraded the game from 0.28-a0-1339-ga5422284a4 to
                  | 0.28-a0-1347-g113dc556a4
  1154 | D:2      | Reached skill level 1 in Short Blades
  1154 | D:2      | Reached skill level 1 in Long Blades
  1154 | D:2      | Reached skill level 1 in Maces & Flails
  1154 | D:2      | Reached skill level 1 in Polearms
  1154 | D:2      | Reached skill level 1 in Staves
  1154 | D:2      | Reached skill level 1 in Slings
  1154 | D:2      | Reached skill level 1 in Bows
  1154 | D:2      | Reached skill level 1 in Crossbows
  1154 | D:2      | Reached skill level 1 in Throwing
  1154 | D:2      | Reached skill level 1 in Armour
  1154 | D:2      | Reached skill level 1 in Shields
  1154 | D:2      | Reached skill level 1 in Unarmed Combat
  1154 | D:2      | Reached skill level 1 in Spellcasting
  1154 | D:2      | Reached skill level 1 in Evocations
  1186 | D:2      | Reached XP level 4. HP: 41/41 MP: 5/5
  1280 | D:2      | Found a faded altar of an unknown god.
  1840 | D:2      | You fall into a shaft and drop 2 floors!
  1903 | D:3      | Reached skill level 1 in Conjurations
  1903 | D:3      | Reached skill level 1 in Hexes
  1903 | D:3      | Reached skill level 1 in Summonings
  1903 | D:3      | Reached skill level 1 in Necromancy
  1903 | D:3      | Reached skill level 1 in Translocations
  1903 | D:3      | Reached skill level 1 in Transmutations
  1903 | D:3      | Reached skill level 1 in Fire Magic
  1903 | D:3      | Reached skill level 1 in Ice Magic
  1903 | D:3      | Reached skill level 1 in Air Magic
  1903 | D:3      | Reached skill level 1 in Earth Magic
  1903 | D:3      | Reached skill level 1 in Poison Magic
  2154 | D:3      | Reached XP level 5. HP: 47/47 MP: 6/6
  2629 | D:3      | Noticed a black bear
  2705 | D:3      | Killed a black bear
  2706 | D:3      | Reached skill level 5 in Axes
  2706 | D:3      | Reached skill level 5 in Dodging
  2706 | D:3      | Reached XP level 6. HP: 24/53 MP: 7/9
  2745 | D:3      | Found a glowing golden altar of the Shining One.
  2775 | D:3      | Found a hazy altar of Hepliaklqana.
  3060 | D:4      | Killed Eustachio
  3061 | D:4      | Reached XP level 7. HP: 34/59 MP: 10/10
  3066 | D:4      | Mangled by an ogre

Illustrated notes

Levels and vault maps discovered:
D:1:      roderic_crossed_star, layout_basic, minmay_small_reverse_x
D:2:      layout_basic, shapermc_ecumenical_altar_starsandcircs,
          serial_bayou_pond_b, minmay_misc_feat_secret_circle
D:3:      layout_rooms, mainiacjoe_overflow_two_lobes, minmay_lizard_king
D:4:      minmay_diamond_boxcup, layout_cave_pools, led_xom_imps, uniq_eustachio
D:5:      layout_gridville, lemuel_temple_firewalk_b

Skill      XL: |  1  2  3  4  5 |
---------------+----------------+-----
Stealth        | |  9.8
Invocations    | 1 2 |  2.5
Short Blades   | 1 2 |  2.2
Long Blades    | 1 2 |  2.2
Maces & Flails | 1 2 |  2.2
Polearms       | 1 2 |  2.2
Staves         | 1 2 |  2.2
Slings         | 1 2 |  2.2
Bows           | 1 2 |  2.2
Crossbows      | 1 2 |  2.2
Throwing       | 1 2 |  2.2
Armour         | 1 2 |  2.2
Shields        | 1 2 |  2.2
Unarmed Combat | 1 2 |  2.2
Spellcasting   | 1 2 |  2.2
Evocations     | 1 2 |  2.2
Conjurations   | 1 |  1.8
Hexes          | 1 |  1.8
Summonings     | 1 |  1.8
Necromancy     | 1 |  1.8
Translocations | 1 |  1.8
Transmutations | 1 |  1.8
Fire Magic     | 1 |  1.8
Ice Magic      | 1 |  1.8
Air Magic      | 1 |  1.8
Earth Magic    | 1 |  1.8
Poison Magic   | 1 |  1.8
Axes           | 5 |  5.1
Dodging        | 5 |  5.1
Fighting       | |  6.9

Action                   |  1- 3 |  4- 6 |  7- 9 || total
-------------------------+-------+-------+-------++-------
Melee: Hand axe          |   123 |   204 |     1 ||   328
       Bite              |     9 |    26 |     1 ||    36
       Punch             |       |     1 |       ||     1
Evoke: Wand              |     1 |       |       ||     1
  Use: Scroll            |     5 |     2 |       ||     7
       Potion            |     1 |     2 |       ||     3
 Stab: Sleeping          |     8 |     7 |       ||    15
Armor: Ring mail         |    62 |   159 |       ||   221
Dodge: Dodged            |    65 |   167 |     1 ||   233

Table legend: (Time is in decaauts)
 A = Elapsed time spent in this place.
 B = Non-inter-level travel time spent in this place.
 C = Inter-level travel time spent in this place.
 D = Time resting spent in this place.
 E = Time spent auto-exploring this place.
 F = Levels seen in this place.
 G = Mean time per level.
                   A        B        C        D        E       F      G
               +--------+--------+--------+--------+--------+-----+--------+
         Total |   3081 |   2963 |    118 |    219 |   1663 |   5 |  616.2 |
       Dungeon |   3081 |   2963 |    118 |    219 |   1663 |   5 |  616.2 |
               +--------+--------+--------+--------+--------+-----+--------+

Top non-repeatable levels by time:
     D:2: 1058 daAuts
     D:3: 1028 daAuts
     D:1: 789 daAuts
     D:4: 158 daAuts
     D:5: 46 daAuts
